 Dungeon Crawl Stone Soup version 0.30.1-8-g117510f58f (webtiles) character file.

Game seed: 8822911492841516474

14197 merdmerd the Protected (level 11, -9/150 HPs)
             Began as a Minotaur Berserker on Sept 23, 2023.
             Was a Believer of Trog.
             Killed from afar by Lodul (12 damage)
             ... with a bolt of lightning
             ... on level 11 of the Dungeon.
             The game lasted 00:36:53 (26921 turns).

merdmerd the Protected (Minotaur Berserker)        Turns: 26921, Time: 00:36:54

Health: -9/150     AC: 19    Str: 23    XL:     11   Next: 85%
Magic:  10/10      EV:  9    Int:  4    God:    Trog [**....]
Gold:   369        SH:  0    Dex: 19    Spells: 10/10 levels left

rFire   . . .        N - +0 battleaxe
rCold   . . .        (shield currently unavailable)
rNeg    . . .        O - +0 plate armour
rPois   .            (helmet restricted)
rElec   .            l - +1 cloak
rCorr   .            j - +0 pair of gloves
SInv    .            (no boots)
Will    .....        (no amulet)
Stlth   x              - +6 ring of dexterity
HPRegen 0.45/turn    (no ring)
MPRegen 0.12/turn

%: no passive effects
@: berserking, very quick
A: horns 2, retaliatory headbutt, talons 1
a: Renounce Religion, Berserk, Trog's Hand


You were on level 11 of the Dungeon.
You worshipped Trog.
Trog was pleased with you.
You visited 1 branch of the dungeon, and saw 12 of its levels.

You collected 534 gold pieces.
You spent 165 gold pieces at shops.

Inventory:

Hand Weapons
 a - a +0 hand axe
 k - a +2 quarterstaff of chaos
 m - a +0 hammer
 q - a +0 scimitar
 v - a +5 flail of protection
 w - a +2 heavy scythe
 J - a +2 mace
 N - a +0 battleaxe (weapon)
 V - a +2 dire flail
Missiles
 Z - a throwing net (quivered)
Armour
 b - a +0 animal skin
 c - a +0 helmet
 f - a +0 chain mail
 j - a +0 pair of gloves (worn)
 l - a +1 cloak (worn)
 D - a +0 buckler
 L - a +0 scale mail
 O - a +0 plate armour (worn)
 W - +0 acid dragon scales
Jewellery
 x - a +6 ring of dexterity (left hand)
 A - an amulet of magic regeneration
Wands
 h - a wand of flame (29)
 t - a wand of iceblast (11)
 z - a wand of mindburst (15)
 E - a wand of acid (6)
 H - a wand of charming (10)
Scrolls
 n - a scroll of identify
 o - a scroll of fog
 p - a scroll of enchant armour
 r - 3 scrolls of magic mapping
 u - 6 scrolls of teleportation
 y - 2 scrolls of fear
 F - 3 scrolls of vulnerability
 I - a scroll of butterflies
 P - 2 scrolls of torment
 R - a scroll of blinking {unknown}
 S - 2 scrolls of brand weapon
 T - a scroll of amnesia {unknown}
 U - a scroll of poison {unknown}
 Y - a scroll of immolation {unknown}
Potions
 d - 4 potions of heal wounds
 e - 5 potions of curing
 g - 6 potions of attraction
 i - a potion of haste {unknown}
 s - 4 potions of resistance
 B - a potion of berserk rage {unknown}
 C - 3 potions of invisibility
 G - 3 potions of magic {unknown}
 K - 2 potions of cancellation {unknown}
 M - 2 potions of flight {unknown}
 Q - a potion of brilliance {unknown}
 X - a potion of might


   Skills:
 + Level 10.2 Fighting
 + Level 11.8(13.7) Axes
 + Level 10.9(13.1) Maces & Flails
 + Level 2.7(8.0) Polearms
 + Level 12.7 Armour
 + Level 4.4 Dodging
 + Level 2.6 Stealth


You had 10 spell levels left.
You didn't know any spells.
Your spell library was empty.

Dungeon Overview and Level Annotations

Branches:
Dungeon (12/15)            Temple (0/1) D:7            Lair (0/5) D:8
    Orc (0/2) D:9

Altars:
Ashenzari
Cheibriados
Dithmenos
Elyvilon
Fedhas
Gozag
Makhleb
Uskayaw
Wu Jian
Xom

Shops:
D:5 !

Annotations:
D:5 1 transporter
D:11 Lodul


Innate Abilities, Weirdness & Mutations

You have a pair of horns on your head.
You reflexively headbutt those who attack you in melee.
You have sharp toenails.


Message History

You start waiting.
Done waiting.
You start waiting.
Done waiting.
Okay, then.
There is a stone staircase leading up, spattered with blood here.
You can't go down here!
You climb upwards.
Level annotation: Lodul Electricity crackles from Lodul's apparatus.
The bolt of lightning hits you!! The ogre closely misses you.
You furiously retaliate!
You headbutt the ogre! The ogre hits you with a +0 giant club!
The ogre hits you with a +0 giant spiked club!
The ogre hits you with a +0 giant spiked club.
There is a stone staircase leading down, spattered with blood here.
A red film seems to cover your vision as you go berserk!
You feel yourself moving faster!
You feel mighty!
Electricity crackles from Lodul's apparatus.
The bolt of lightning hits you!
The ogre hits you with a +0 giant club!!
* * * LOW HITPOINT WARNING * * *
The ogre hits you with a +0 giant club!
* * * LOW HITPOINT WARNING * * *
The ogre barely misses you. You furiously retaliate!
You headbutt the ogre!
The ogre hits you with a +0 giant spiked club!
* * * LOW HITPOINT WARNING * * *
Unknown command.
You can't go up here!
Unknown command.
You are too berserk!
You are too berserk!
You are too berserk!
You slash the ogre! You claw the ogre.
You kill the ogre!
Trog accepts your kill.
You slash the ogre! x2; You barely miss the ogre.
Electricity crackles from Lodul's apparatus.
The bolt of lightning hits you!
You die...

).............. ..
............... ..
#######'################ ###
........O............... #..
.........O.............. #..
........................ #..
.................?...... #..
...............OO....... #..
..............O>@....... #..
#'##########################+###.
......#.....#..................#.
......#.....#..................#.
......'.....'..................'.
......#.....#..................#.
......#.....#..................#.
......#.....#..................#.
#################################


You could see Lodul and 3 ogres.

Vanquished Creatures
  5 two-headed ogres
  A boulder beetle (D:11)
  3 death yaks
  A shining eye (shapeshifter) (D:9)
  Joseph (D:7)
  A komodo dragon (D:12)
  2 trolls
  2 shadows
  Sigmund (D:4)
  3 wyverns (D:9)
  A wraith (D:10)
  10 yaks (D:10)
  Menkaure (D:4)
  2 vampire mosquitoes (D:10)
  Edmund (D:4)
  An acid dragon (D:10)
  7 orc warriors
  A sky beast (D:8)
  10 ogres
  4 ice beasts
  A centaur (D:10)
  A kobold brigand (D:5)
  Blork the orc (D:4)
  2 scorpions
  4 bullfrogs (D:7)
  A wyvern zombie (D:7)
  A water moccasin zombie (D:7)
  7 wights
  3 killer bees (D:9)
  7 howler monkeys
  A jelly (D:4)
  3 bullfrog zombies (D:7)
  7 orc priests
  Crazy Yiuf (D:2)
  2 hounds
  Ijyb (D:4)
  2 iguanas (D:6)
  11 orc wizards
  3 hell rats
  4 gnolls (D:4)
  5 adders
  A river rat (D:8)
  A shadow imp (D:6)
  2 white imps
  2 ufetubi
  A worm (D:2)
  A dart slug (D:1)
  53 orcs
  5 endoplasms
  4 giant cockroaches
  9 goblins
  11 hobgoblins
  4 jackals (D:3)
  3 quokkas
  8 ball pythons
  3 bats (D:1)
  A frilled lizard (D:1)
  5 kobolds
  3 rats
243 creatures vanquished.

Notes
Turn   | Place    | Note
-------+----------+-------------------------------------------
     0 | D:1      | merdmerd the Minotaur Berserker began the quest for the
                  | Orb.
     0 | D:1      | Reached XP level 1. HP: 19/19 MP: 0/0
   231 | D:1      | Reached XP level 2. HP: 20/27 MP: 1/1
   549 | D:1      | You fall into a shaft and drop 1 floor!
   593 | D:2      | Reached XP level 3. HP: 33/33 MP: 2/2
  1482 | D:2      | Found a runed translucent door.
  1483 | D:2      | Noticed Crazy Yiuf
  1870 | D:2      | Killed Crazy Yiuf
  1871 | D:2      | Reached XP level 4. HP: 41/41 MP: 3/3
  2322 | D:3      | Reached skill level 5 in Axes
  2322 | D:3      | Reached skill level 3 in Armour
  3066 | D:3      | Reached ** piety under Trog
  3105 | D:3      | Reached XP level 5. HP: 46/47 MP: 4/4
  3420 | D:3      | Found a burning altar of Makhleb.
  3679 | D:3      | Found a shimmering altar of Xom.
  4443 | D:4      | Noticed Blork the orc
  4453 | D:4      | Killed Blork the orc
  4454 | D:4      | Reached skill level 5 in Fighting
  4454 | D:4      | Reached XP level 6. HP: 54/56 MP: 5/5
  4778 | D:4      | Noticed Ijyb
  4785 | D:4      | Killed Ijyb
  4786 | D:4      | Reached skill level 4 in Armour
  5345 | D:4      | Noticed Menkaure
  5350 | D:4      | Killed Menkaure
  5563 | D:4      | Reached XP level 7. HP: 54/61 MP: 6/6
  5617 | D:4      | Noticed Edmund
  5630 | D:4      | Killed Edmund
  5631 | D:4      | Reached skill level 5 in Armour
  6202 | D:4      | Noticed Sigmund
  6210 | D:4      | Killed Sigmund
  6211 | D:4      | Reached skill level 1 in Maces & Flails
  6211 | D:4      | Reached skill level 1 in Stealth
  6811 | D:5      | Entered Level 5 of the Dungeon
  6818 | D:5      | Reached skill level 6 in Armour
  6909 | D:5      | Reached XP level 8. HP: 53/70 MP: 7/7
  6976 | D:5      | Found Rofoddu's Distillery.
  7397 | D:5      | Found a transporter.
  7756 | D:5      | Found a transporter.
  7866 | D:5      | Bought a potion of invisibility for 120 gold pieces
  7866 | D:5      | Bought a potion of curing for 45 gold pieces
  7946 | D:5      | Reached skill level 7 in Armour
  8421 | D:6      | Found a snail-covered altar of Cheibriados.
  8460 | D:6      | Reached skill level 5 in Maces & Flails
  9042 | D:7      | Reached XP level 9. HP: 78/78 MP: 8/8
  9050 | D:7      | Reached *** piety under Trog
  9110 | D:7      | Identified the +4 mace of Februttu {distort, Fly rPois
                  | Dex-2}
  9763 | D:7      | Found a staircase to the Ecumenical Temple.
  9777 | D:7      | Reached skill level 8 in Armour
 10439 | D:7      | Found a hide-covered altar of Uskayaw.
 10569 | D:7      | Noticed Joseph
 10584 | D:7      | Killed Joseph
 10940 | D:7      | Found an opulent altar of Gozag.
 10967 | D:7      | Found an ornate altar of the Wu Jian Council.
 10994 | D:7      | Found a blossoming altar of Fedhas.
 11137 | D:8      | Noticed a death yak
 11137 | D:8      | Found a staircase to the Lair.
 11138 | D:8      | Noticed a death yak
 11530 | D:7      | Killed a death yak
 11531 | D:7      | Reached skill level 9 in Armour
 12006 | D:8      | Noticed a death yak
 12011 | D:8      | Killed a death yak
 12012 | D:8      | Reached XP level 10. HP: 88/88 MP: 9/9
 12015 | D:8      | Killed a death yak
 12016 | D:8      | Reached skill level 10 in Maces & Flails
 12016 | D:8      | Reached skill level 1 in Polearms
 12677 | D:8      | Reached skill level 10 in Armour
 12684 | D:8      | Noticed a two-headed ogre
 12693 | D:8      | Killed a two-headed ogre
 13483 | D:8      | Found a broken altar of Ashenzari.
 14090 | D:9      | Noticed a two-headed ogre
 14095 | D:9      | Killed a two-headed ogre
 15686 | D:9      | Reached skill level 11 in Armour
 16005 | D:9      | Noticed a two-headed ogre
 16010 | D:9      | Killed a two-headed ogre
 16022 | D:9      | Noticed a fire dragon
 16911 | D:9      | Noticed a shining eye
 16913 | D:9      | Gained mutation: You have sharp toenails. [a shining eye]
 16919 | D:9      | Killed a shining eye
 16920 | D:9      | Reached XP level 11. HP: 95/95 MP: 10/10
 18090 | D:9      | Found a staircase to the Orcish Mines.
 19820 | D:9      | Identified the +1 leather armour of Ziups {Rampage rC-
                  | Dex+5}
 19997 | D:9      | Found a shadowy altar of Dithmenos.
 22148 | D:10     | Entered Level 10 of the Dungeon
 22305 | D:10     | Found a white marble altar of Elyvilon.
 22419 | D:10     | Noticed a two-headed ogre
 22426 | D:10     | Killed a two-headed ogre
 22427 | D:10     | Reached skill level 12 in Armour
 22711 | D:10     | Reached skill level 10 in Axes
 24435 | D:10     | Noticed a two-headed ogre
 24439 | D:10     | Killed a two-headed ogre
 25418 | D:11     | Noticed a boulder beetle
 25424 | D:11     | Reached skill level 10 in Fighting
 25435 | D:11     | Killed a boulder beetle
 26122 | D:11     | Identified the +3 leather armour of the Skies Above {rC+}
 26265 | D:11     | Noticed Lodul
 26919 | D:11     | HP: 2/150 [ogre/+0 giant spiked club[Lodul] (17)]
 26921 | D:11     | Killed from afar by Lodul

Illustrated notes

Levels and vault maps discovered:
D:1:      matt_arrival_refuge, layout_loops_corners
D:2:      layout_basic, serial_forest, infiniplex_forest_clump_long,
          infiniplex_forest_straight_3, infiniplex_forest_lined_3_way,
          infiniplex_forest_pool, infiniplex_forest_diagonal,
          infiniplex_forest_lined_corner, infiniplex_forest_end_1,
          infiniplex_forest_straight_3, infiniplex_forest_straight_4,
          infiniplex_forest_lined_room_3, uniq_crazy_yiuf_cottage
D:3:      layout_loops_ring, lemuel_round_altar, marbit_many_paths,
          minmay_misc_feat_doors, minmay_misc_feat_enclosed,
          kennysheep_generic_room_11
D:4:      minmay_recursive_quarters, layout_basic, uniq_edmund, uniq_sigmund,
          uniq_blork_the_orc, uniq_ijyb, uniq_menkaure
D:5:      gammafunk_cloud_chamber, layout_rooms, serial_corexii_hall,
          corexii_hall_statues_u, chequers_hall_statues_y,
          corexii_hall_statues_l, corexii_hall_statues_l, serial_shops, shop,
          kennysheep_generic_room_2
D:6:      layout_cave_pools, cheibriados_altar_1, minmay_hedge_maze
D:7:      layout_basic, nzn_wu_jian_council_hall, grunt_gozag_statues,
          mainiacjoe_overflow_six_doors_small, general_overflow_altar,
          minmay_temple_entry_grid, serial_undead, serial_undead_c,
          serial_undead_e, serial_undead_c, serial_undead_f, uniq_joseph
D:8:      layout_basic, lemuel_tele_altar, dpeg_lair_monsters
D:9:      layout_roguey, lemuel_coloured_pillars_altar, hiddenorc2_lemuel
D:10:     layout_loops_corners, mainiacjoe_overflow_catwalk
D:11:     layout_grid_maze, uniq_lodul
D:12:     layout_big_octagon, gammafunk_ghost_grave, minmay_gold_behind_fungi,
          einodemon_barbed_minivault

Skill      XL: |  1  2  3  4  5  6  7  8  9 10 11 |
---------------+----------------------------------+-----
Axes           | 4 5 6 7 8 11 | 11.8
Fighting       | 4 5 6 7 8 10 | 10.2
Armour         | 3 4 6 7 9 11 12 | 12.7
Dodging        | 3 4 |  4.4
Maces & Flails | 1 6 9 10 | 10.9
Stealth        | 1 2 |  2.6
Polearms       | 2 |  2.7

Action                     |  1- 3 |  4- 6 |  7- 9 | 10-12 || total
---------------------------+-------+-------+-------+-------++-------
  Melee: Hand axe          |    71 |   109 |    11 |       ||   191
         Headbutt          |     6 |    18 |    42 |    57 ||   123
         Punch             |       |     1 |     4 |     2 ||     7
         Flail             |       |       |   193 |    21 ||   214
         Halberd           |       |       |     4 |     7 ||    11
         Battleaxe         |       |       |       |   222 ||   222
         Kick              |       |       |       |    66 ||    66
 Invoke: Berserk           |     2 |     4 |    10 |    12 ||    28
         Trog's Hand       |       |       |       |     1 ||     1
    Use: Scroll            |       |       |     4 |    11 ||    15
 Armour: Animal skin       |    10 |       |       |       ||    10
         Chain mail        |     6 |    60 |   137 |    19 ||   222
         Plate armour      |       |       |       |   108 ||   108
  Dodge: Dodged            |    35 |    44 |    99 |    92 ||   270
